SAAA
BAGLEY LOONS @ TREMONT DOUBLEDAYS
07/22/2018
 
TOP OF THE 1ST
Bagley Loons batting - Pitching for Tremont Doubledays : RHP Mike Hornberger
Pitching: RHP Mike Hornberger
Batting: RHB Adam Hennessey 0-0: Ball
1-0: Foul Ball, location: 2F
1-1: Ball
2-1: Ball
3-1: Base on Balls
Batting: RHB Edward Baker 0-0: Fly out, F9 (Flyball, 9M)
Batting: LHB Rafael García 0-0: Grounds into double play, 4-6-3 (Groundball, 4)
Top of the 1st over - 0 run(s), 0 hit(s), 0 error(s), 0 left on base; Bagley 0 - Tremont 0
BOTTOM OF THE 1ST
Tremont Doubledays batting - Pitching for Bagley Loons : RHP Dave Townend
Pitching: RHP Dave Townend
Batting: RHB Hank Wilder 0-0: Ball
1-0: Ground out 6-3 (Groundball, 6)
Batting: RHB Claudio Mendoza 0-0: Swinging Strike
0-1: Ground out 6-3 (Groundball, 6)
Batting: SHB Carroll Kline 0-0: Fly out, F8 (Flyball, 8LXD)
Bottom of the 1st over - 0 run(s), 0 hit(s), 0 error(s), 0 left on base; Bagley 0 - Tremont 0
TOP OF THE 2ND
Bagley Loons batting - Pitching for Tremont Doubledays : RHP Mike Hornberger
Batting: SHB Noah McCarthy 0-0: Ball
1-0: Fly out, F8 (Flyball, 8RD)
Batting: LHB Kenko Ueda 0-0: Foul Ball, location: 2F
0-1: Ball
1-1: Fly out, F8 (Flyball, 8RXD)
Batting: SHB Roland Meade 0-0: Called Strike
0-1: Ball
1-1: Ball
2-1: Ground out 1-3 (Groundball, 15)
Top of the 2nd over - 0 run(s), 0 hit(s), 0 error(s), 0 left on base; Bagley 0 - Tremont 0
BOTTOM OF THE 2ND
Tremont Doubledays batting - Pitching for Bagley Loons : RHP Dave Townend
Batting: RHB Steven Poe 0-0: Ball
1-0: Ball
2-0: Swinging Strike
2-1: SINGLE (Groundball, 56D) (infield hit)
Batting: LHB Dave Lee 0-0: Foul Ball, location: 2F
0-1: Foul Ball, location: 2F
0-2: Ball
1-2: Ball
2-2: Foul Ball, location: 2F
2-2: Foul Ball, location: 2F
2-2: Foul Ball, location: 2F
2-2: Ball
3-2: Ground out 1-3 (Groundball, 15)
Steven Poe to second
Batting: LHB Zachary Pullen 0-0: DOUBLE (Flyball, 9LM)
Steven Poe scores
Batting: SHB Todd Hill 0-0: Ball
1-0: Ball
2-0: Called Strike
2-1: Ball
3-1: Swinging Strike
3-2: Fly out, F4 (Popup, 4D)
Batting: RHB Bryan Wilson 0-0: Ball
1-0: Called Strike
1-1: Foul Ball, location: 2F
1-2: Strikes out swinging
Bottom of the 2nd over - 1 run(s), 2 hit(s), 0 error(s), 1 left on base; Bagley 0 - Tremont 1
TOP OF THE 3RD
Bagley Loons batting - Pitching for Tremont Doubledays : RHP Mike Hornberger
Batting: RHB Walton Stephens 0-0: Called Strike
0-1: Ball
1-1: Ball
2-1: Foul Ball, location: 2F
2-2: SOLO HOME RUN (Flyball, 7D), Distance : 415 ft
Batting: LHB Ralph Dunford 0-0: Called Strike
0-1: Foul Ball, location: 2F
0-2: DOUBLE (Line Drive, 89M)
Batting: RHB Rick Bell 0-0: Ball
1-0: Called Strike
1-1: Ground out 6-3 (Groundball, 6MS)
Ralph Dunford to third
Batting: RHB Adam Hennessey 0-0: SINGLE (Line Drive, 3D)
Ralph Dunford scores
Batting: RHB Edward Baker 0-0: Fly out, F4 (Popup, 34D)
Batting: LHB Rafael García 0-0: Ball
Adam Hennessey is caught stealing 2nd base
Top of the 3rd over - 2 run(s), 3 hit(s), 0 error(s), 0 left on base; Bagley 2 - Tremont 1
BOTTOM OF THE 3RD
Tremont Doubledays batting - Pitching for Bagley Loons : RHP Dave Townend
Batting: SHB Colm Neal 0-0: Fly out, F8 (Flyball, 8LM)
Batting: RHB Hank Wilder 0-0: Ball
1-0: Foul Ball, location: 2F
1-1: Swinging Strike
1-2: Strikes out looking
Batting: RHB Claudio Mendoza 0-0: Fly out, F9 (Popup, 34D)
Bottom of the 3rd over - 0 run(s), 0 hit(s), 0 error(s), 0 left on base; Bagley 2 - Tremont 1
TOP OF THE 4TH
Bagley Loons batting - Pitching for Tremont Doubledays : RHP Mike Hornberger
Batting: LHB Rafael García 0-0: Ball
1-0: Foul Ball, location: 2F
1-1: Foul Ball, location: 2F
1-2: Ball
2-2: Ground out U3 (Groundball, 3L)
Batting: SHB Noah McCarthy 0-0: Swinging Strike
0-1: Ball
1-1: SINGLE (Line Drive, 6D)
Batting: LHB Kenko Ueda 0-0: Ball
1-0: Ball
2-0: 2-RUN HOME RUN (Line Drive, 89XD), Distance : 433 ft
Batting: SHB Roland Meade 0-0: Ground out 6-3 (Groundball, 6M)
Batting: RHB Walton Stephens 0-0: Ball
1-0: Fly out, F8 (Flyball, 8LD)
Top of the 4th over - 2 run(s), 2 hit(s), 0 error(s), 0 left on base; Bagley 4 - Tremont 1
BOTTOM OF THE 4TH
Tremont Doubledays batting - Pitching for Bagley Loons : RHP Dave Townend
Batting: SHB Carroll Kline 0-0: Ground out 5-3 (Groundball, 56)
Batting: RHB Steven Poe 0-0: Ground out 5-3 (Groundball, 56S)
Batting: LHB Dave Lee 0-0: Foul Ball, location: 2F
0-1: Ball
1-1: Ball
2-1: Foul Ball, location: 2F
2-2: Strikes out swinging
Bottom of the 4th over - 0 run(s), 0 hit(s), 0 error(s), 0 left on base; Bagley 4 - Tremont 1
TOP OF THE 5TH
Bagley Loons batting - Pitching for Tremont Doubledays : RHP Mike Hornberger
Batting: LHB Ralph Dunford 0-0: Ball
1-0: Ground out 1-3 (Groundball, 15)
Batting: RHB Rick Bell 0-0: Ball
1-0: SINGLE (Flyball, 7S)
Batting: RHB Adam Hennessey 0-0: Called Strike
0-1: Ball
1-1: Fly out, F8 (Flyball, 8RS)
Batting: RHB Edward Baker 0-0: Swinging Strike
0-1: Swinging Strike
0-2: Ground out 5-3 (Groundball, 56S)
Top of the 5th over - 0 run(s), 1 hit(s), 0 error(s), 1 left on base; Bagley 4 - Tremont 1
BOTTOM OF THE 5TH
Tremont Doubledays batting - Pitching for Bagley Loons : RHP Dave Townend
Batting: LHB Zachary Pullen 0-0: Ball
1-0: Ball
2-0: Foul Ball, location: 2F
2-1: Foul Ball, location: 2F
2-2: Ball
3-2: Base on Balls
Batting: SHB Todd Hill 0-0: Called Strike
0-1: Ball
1-1: Foul Ball, location: 2F
1-2: Foul Ball, location: 2F
1-2: Ball
2-2: Strikes out swinging
Batting: RHB Bryan Wilson 0-0: Foul Ball, location: 2F
0-1: Ball
1-1: Foul Ball, location: 2F
1-2: Foul Ball, location: 2F
1-2: Strikes out looking
Batting: SHB Colm Neal 0-0: Ball
1-0: Called Strike
1-1: Swinging Strike
1-2: Foul Ball, location: 2F
1-2: Ball
2-2: Ball
3-2: Base on Balls
Zachary Pullen to second
Batting: RHB Hank Wilder 0-0: Foul Ball, location: 2F
0-1: Called Strike
0-2: Ball
1-2: SINGLE (Groundball, 6M)
Zachary Pullen to third
Colm Neal to second
Runner from 3rd tries for Home, SAFE, no throw or cutoff
Batting: RHB Claudio Mendoza 0-0: Ball
1-0: Ball
2-0: Called Strike
2-1: Foul Ball, location: 2F
2-2: Fly out, F8 (Flyball, 8RM)
Bottom of the 5th over - 1 run(s), 1 hit(s), 0 error(s), 2 left on base; Bagley 4 - Tremont 2
TOP OF THE 6TH
Bagley Loons batting - Pitching for Tremont Doubledays : RHP Mike Hornberger
Batting: LHB Rafael García 0-0: Called Strike
0-1: Ball
1-1: Foul Ball, location: 2F
1-2: SINGLE (Flyball, 8LS)
Batting: SHB Noah McCarthy 0-0: Called Strike
0-1: Ball
1-1: Ball
2-1: Grounds into double play, 1-6-3 (Groundball, 15S)
Batting: LHB Kenko Ueda 0-0: Ball
1-0: Ball
2-0: Ball
3-0: Foul Ball, location: 2F
3-1: Base on Balls
Batting: SHB Roland Meade 0-0: Swinging Strike
0-1: Ball
Wild Pitch!
Kenko Ueda to second
1-1: Intentional Walk
Batting: RHB Walton Stephens 0-0: SINGLE (Line Drive, 56D)
Kenko Ueda to third
Roland Meade to second
Throwing error, E7
Kenko Ueda scores
Roland Meade to third
Walton Stephens to second
Batting: LHB Ralph Dunford 0-0: Intentional Walk
Pitching: RHP Ernest Gunter
Batting: RHB Rick Bell 0-0: Ball
1-0: Called Strike
1-1: Ball
2-1: Foul Ball, location: 2F
2-2: Foul Ball, location: 2F
2-2: SINGLE (Flyball, 89S)
Roland Meade scores
Walton Stephens to third
Ralph Dunford to second
Runner from 3rd tries for Home, SAFE, no throw or cutoff
Batting: RHB Adam Hennessey 0-0: Ball
1-0: Swinging Strike
1-1: Foul Ball, location: 2F
1-2: Foul Ball, location: 2F
1-2: Ground out 1-3 (Groundball, 23)
Top of the 6th over - 3 run(s), 3 hit(s), 1 error(s), 2 left on base; Bagley 7 - Tremont 2
BOTTOM OF THE 6TH
Tremont Doubledays batting - Pitching for Bagley Loons : RHP Dave Townend
Batting: SHB Carroll Kline 0-0: Foul Ball, location: 2F
0-1: Foul Ball, location: 2F
0-2: Strikes out swinging
Batting: RHB Steven Poe 0-0: Ball
1-0: Ball
2-0: Called Strike
2-1: Ball
3-1: SINGLE (Flyball, 9LS)
Batting: LHB Dave Lee 0-0: Foul Ball, location: 2F
0-1: Ball
1-1: SINGLE (Groundball, 34D)
Steven Poe to second
Runner from 2nd tries for 3rd, SAFE, throw made to third
Batting: LHB Zachary Pullen 0-0: Called Strike
0-1: SINGLE (Flyball, 78M)
Steven Poe scores
Dave Lee to second
Batting: SHB Todd Hill 0-0: Called Strike
0-1: Ball
1-1: Ball
2-1: Ground out 3-1 (Groundball, 34)
Dave Lee to third
Zachary Pullen to second
Batting: RHB Bryan Wilson 0-0: Ball
1-0: Swinging Strike
1-1: Foul Ball, location: 2F
1-2: SINGLE (Groundball, 56)
Dave Lee scores
Zachary Pullen to third
Runner from 3rd tries for Home, SAFE, no throw or cutoff
Pitching: LHP Aurelio Martínez
Batting: SHB Colm Neal 0-0: Ball
1-0: Called Strike
1-1: Ball
2-1: Foul Ball, location: 2F
2-2: Strikes out looking
Bottom of the 6th over - 3 run(s), 4 hit(s), 0 error(s), 1 left on base; Bagley 7 - Tremont 5
TOP OF THE 7TH
Bagley Loons batting - Pitching for Tremont Doubledays : RHP Ernest Gunter
Batting: RHB Edward Baker 0-0: Fly out, F4 (Line Drive, 4)
Batting: LHB Rafael García 0-0: Called Strike
0-1: Foul Ball, location: 2F
0-2: Ball
1-2: Fly out, F9 (Flyball, 89S)
Batting: SHB Noah McCarthy 0-0: Ground out U3 (Groundball, 3)
Top of the 7th over - 0 run(s), 0 hit(s), 0 error(s), 0 left on base; Bagley 7 - Tremont 5
BOTTOM OF THE 7TH
Tremont Doubledays batting - Pitching for Bagley Loons : LHP Aurelio Martínez
Batting: RHB Hank Wilder 0-0: Foul Ball, location: 2F
0-1: Ball
1-1: Ball
2-1: Called Strike
2-2: Strikes out swinging
Batting: RHB Claudio Mendoza 0-0: Ball
1-0: Ground out 5-3 (Groundball, 56)
Batting: SHB Carroll Kline 0-0: Ball
1-0: Called Strike
1-1: Called Strike
1-2: Strikes out swinging
Bottom of the 7th over - 0 run(s), 0 hit(s), 0 error(s), 0 left on base; Bagley 7 - Tremont 5
TOP OF THE 8TH
Bagley Loons batting - Pitching for Tremont Doubledays : RHP Ernest Gunter
Batting: LHB Kenko Ueda 0-0: Called Strike
0-1: Ball
1-1: Foul Ball, location: 2F
1-2: Ball
2-2: SINGLE (Groundball, 34D) (infield hit)
Batting: SHB Roland Meade 0-0: Ball
1-0: Ball
2-0: Swinging Strike
2-1: SINGLE (Line Drive, 4M)
Kenko Ueda to second
Batting: RHB Walton Stephens 0-0: Ball
Passed Ball!
Kenko Ueda to third
Roland Meade to second
1-0: SINGLE (Flyball, 8RS)
Kenko Ueda scores
Roland Meade to third
Runner from 3rd tries for Home, SAFE, throw made home
Pitching: RHP Jason Jackson
Batting: LHB Ralph Dunford 0-0: Ball
1-0: Fly out, F8 (Flyball, 8LM)
Batting: RHB Rick Bell 0-0: Grounds into double play, U6-3 (Groundball, 6M)
Top of the 8th over - 2 run(s), 3 hit(s), 0 error(s), 0 left on base; Bagley 9 - Tremont 5
BOTTOM OF THE 8TH
Tremont Doubledays batting - Pitching for Bagley Loons : LHP Aurelio Martínez
Batting: RHB Steven Poe 0-0: Ball
1-0: Ball
2-0: Fly out, F9 (Line Drive, 9M)
Batting: LHB Dave Lee 0-0: Ball
1-0: Ball
2-0: Fly out, F4 (Popup, 34D)
Batting: LHB Zachary Pullen 0-0: Ball
1-0: Swinging Strike
1-1: Called Strike
1-2: Ball
2-2: Strikes out swinging, 2-3 out at first.
Bottom of the 8th over - 0 run(s), 0 hit(s), 0 error(s), 0 left on base; Bagley 9 - Tremont 5
TOP OF THE 9TH
Bagley Loons batting - Pitching for Tremont Doubledays : RHP Jason Jackson
Batting: RHB Adam Hennessey 0-0: Ground out 5-3 (Groundball, 56S)
Batting: RHB Edward Baker 0-0: Called Strike
0-1: Ball
1-1: Fly out, F9 (Flyball, 89S)
Batting: LHB Rafael García 0-0: Ball
1-0: Ball
2-0: Called Strike
2-1: Foul Ball, location: 2F
2-2: Ball
3-2: Foul Ball, location: 2F
3-2: Foul Ball, location: 2F
3-2: Ground out 4-3 (Groundball, 4)
Top of the 9th over - 0 run(s), 0 hit(s), 0 error(s), 0 left on base; Bagley 9 - Tremont 5
BOTTOM OF THE 9TH
Tremont Doubledays batting - Pitching for Bagley Loons : LHP Aurelio Martínez
Batting: SHB Todd Hill 0-0: Ball
1-0: Called Strike
1-1: Ball
2-1: SINGLE (Groundball, 56D)
Batting: RHB Bryan Wilson 0-0: Ball
1-0: Called Strike
1-1: Ball
2-1: Swinging Strike
2-2: Strikes out swinging
Pitching: RHP Jeremy Gutiérrez
Batting: SHB Colm Neal 0-0: Called Strike
0-1: Foul Ball, location: 2F
0-2: Foul Ball, location: 2F
0-2: Strikes out looking
Batting: RHB Hank Wilder 0-0: Ball
1-0: Ball
2-0: Foul Ball, location: 2F
2-1: Swinging Strike
2-2: Strikes out swinging
Bottom of the 9th over - 0 run(s), 1 hit(s), 0 error(s), 1 left on base; Bagley 9 - Tremont 5
This league is powered by Out of the Park Baseball, the baseball management simulation game for PC, Mac and Linux
Monday, May 4th, 2015 - OOTP Baseball 15.6 Build 34